 Dungeon Crawl Stone Soup version 0.26-a0-389-g5bc9781 (webtiles) character file.

Game seed: 8360343822678723749

38955 Cheivey the Spear-Bearer (level 14, -5/111 HPs)
             Began as a Formicid Fighter on July 21, 2020.
             Was an Initiate of Gozag.
             Killed by divine providence
             ... invoked by a meliai
              (11 damage)
             ... on level 14 of the Dungeon.
             The game lasted 00:43:49 (15398 turns).

Cheivey the Spear-Bearer (Formicid Fighter)        Turns: 15398, Time: 00:43:50

Health: -5/111     AC: 27    Str: 32    XL:     14   Next: 37%
Magic:  27/27      EV: 11    Int:  7    God:    Gozag
Gold:   1177       SH: 27    Dex: 16    Spells: 13/13 levels left

rFire    + + +     SeeInvis +   c - +1 bardiche
rCold    + . .     Faith    .   I - +2 tower shield {rF+}
rNeg     . . .     Spirit   .   E - +7 plate armour of the Well-Known Nights {rF+ Str+4 SInv}
rPois    .         Reflect  +   (helmet unavailable)
rElec    .         Harm     .   v - scarf {rC+ rF+}
rCorr    .                      G - +1 pair of gloves {Dex+3}
MR       +....                  d - +1 pair of boots
Stlth    +.........             s - amulet of reflection
HPRegen  0.28/turn              k - ring of Dewkow {+Fly MP+9 Dex+2}
MPRegen  0.20/turn              b - ring of stealth

@: gold aura
A: permanent stasis, dig shafts and tunnels, four strong arms, antennae 3,
iridescent scales 1, blurry vision 1, strong 1, evolution 1
a: Dig, Shaft Self, Potion Petition, Call Merchant, Bribe Branch, Renounce
Religion, Evoke Flight


You were on level 14 of the Dungeon.
You worshipped Gozag.
Gozag was most pleased with you.
You visited 1 branch of the dungeon, and saw 14 of its levels.
You also visited: Sewer and Gauntlet.

You collected 3394 gold pieces.
You spent 1615 gold pieces at shops.
You paid 602 gold pieces to Gozag.

Inventory:

Hand Weapons
 c - a +1 bardiche (weapon)
 H - a +0 demon trident of venom
Armour
 d - a +1 pair of boots (worn)
 v - a scarf of resistance (worn)
 E - the +7 plate armour of the Well-Known Nights (worn) {rF+ Str+4 SInv}
   (You bought it in a shop on level 8 of the Dungeon)

   It affects your strength (+4).
   It protects you from fire.
   It lets you see invisible.
 G - a +1 pair of gloves of dexterity (worn)
 I - a +2 tower shield of fire resistance (worn)
Jewellery
 b - a ring of stealth (right hand)
 h - an uncursed ring of protection from fire
 i - a +4 ring of slaying {unknown}
 k - the ring of Dewkow (left hand) {+Fly MP+9 Dex+2}
   (You found it in a Gauntlet)

   [ring of flight]

   It affects your dexterity (+2).
   It affects your magic capacity (+9).
   It lets you fly.
 m - an uncursed ring of magical power
 q - an uncursed ring of see invisible {unknown}
 s - an amulet of reflection (around neck)
 w - the ring "Voh Vait" {*Corrode +Blink rN+++ EV+4 Int-3 SInv}
   (You found it in a Gauntlet)

   [ring of evasion]

   It affects your evasion (+4).
   It affects your intelligence (-3).
   It renders you almost immune to negative energy.
   It lets you see invisible.
   It lets you blink.
   It may corrode you when you take damage.
 x - a +6 ring of intelligence
 y - an uncursed ring of magical power
 z - an uncursed ring of flight
 D - an uncursed ring of ice {unknown}
 J - an uncursed ring of protection from fire
Wands
 e - a wand of clouds (6)
 n - a wand of flame (15)
 o - a wand of polymorph (15)
 r - a wand of acid (18)
 u - a wand of paralysis (5)
 A - a wand of disintegration (9)
Scrolls
 a - 5 scrolls of magic mapping
 f - 4 scrolls of teleportation
 g - 2 scrolls of random uselessness
 j - a scroll of fear
 p - 3 scrolls of amnesia
 C - 3 scrolls of remove curse
 K - a scroll of fog
 L - 2 scrolls of vulnerability {unknown}
Potions
 l - 2 potions of magic
 t - 3 potions of haste
 B - a potion of cancellation
 F - a potion of flight


   Skills:
 + Level 10.3 Fighting
 + Level 13.6 Polearms
 + Level 8.8 Armour
 + Level 7.2 Dodging
 + Level 9.9 Stealth
 + Level 11.5 Shields
   Level 5.9 Invocations
 + Level 5.1 Evocations


You had 13 spell levels left.
You didn't know any spells.
Your spell library contained the following spells:

 Spells                   Type           Power        Failure   Level
 Beastly Appendage        Tmut           #.....       100%        1
 Corona                   Hex            #......      100%        1
 Freeze                   Ice            #...         100%        1
 Sandblast                Erth           #.....       100%        1
 Ensorcelled Hibernation  Hex/Ice        #.....       100%        2
 Passwall                 Tmut/Erth      #.......     100%        2
 Slow                     Hex            #.......     100%        2
 Wereblood                Tmut           #.......     100%        2
 Confusing Touch          Hex            #.......     100%        3
 Dazzling Flash           Conj/Hex       #.....       100%        3
 Frozen Ramparts          Ice            #.....       100%        3
 Ozocubu's Armour         Ice            #.......     100%        3
 Spider Form              Tmut/Pois      #.........   100%        3
 Stone Arrow              Conj/Erth      #.....       100%        3
 Tukima's Dance           Hex            #.......     100%        3
 Fulminant Prism          Conj/Hex       #.........   100%        4
 Hailstorm                Conj/Ice       #.......     100%        4
 Ice Form                 Ice/Tmut       #.......     100%        4
 Petrify                  Tmut/Erth      #.......     100%        4
 Summon Ice Beast         Ice/Summ       #.......     100%        4
 Blade Hands              Tmut           #.........   100%        5
 Borgnjor's Vile Clutch   Necr/Erth      #.........   100%        5
 Lee's Rapid Deconstruct  Erth           #.........   100%        5
 Death Channel            Necr           #.........   100%        6
 Discord                  Hex            #.........   100%        8


Dungeon Overview and Level Annotations

Branches:
Dungeon (14/15)            Temple (0/1) D:7            Lair (0/6) D:8
 Vaults (0/5) D:13          Sewer (visited)         Gauntlet (visited)
    Orc: D:9-12

Altars:
Gozag
Kikubaaqudgha
Makhleb
Ru
Uskayaw
Zin
The Shining One

Shops:
D:4 *   D:5 *   D:8 [:==(   D:13 =

Annotations:
D:13 2 transporters, Zuuqes's ghost, journeyman GrEE


Innate Abilities, Weirdness & Mutations

You cannot be hasted, slowed, berserked, paralysed or teleported.
You can dig through walls and to a lower floor.
Your four strong arms can wield two-handed weapons with a shield.
You have a pair of large antennae on your head. (SInv)
You are partially covered in iridescent scales. (AC +2)
Scrolls take you a little longer to read.
Your muscles are strong. (Str +2)
You evolve.


Message History

The meliai mumbles some strange prayers to its god against you.
Something smites you!
* * * LOW HITPOINT WARNING * * *
You block the meliai's attack. x2
You block the meliai's attack. The meliai barely misses you.
The meliai mumbles some strange prayers to its god against you.
Something smites you!
* * * LOW HITPOINT WARNING * * *
You barely miss the meliai. You block the meliai's attack.
The meliai stings you but does no damage.
The meliai calls down the wrath of its god upon you.
Something smites you!
* * * LOW HITPOINT WARNING * * *
You block the meliai's attack. x2
You open the meliai like a pillowcase!!!
You kill the meliai!
The meliai invokes the aid of its god against you.
Something smites you!
You die...
Your body crumbles into a pile of gold.

.## ..# ###+######## #.#
#..........# #.#
###..........# #.#
..#..........#######.#
#.'.........kyy$@.##.##
###(.........####.....######
#........[.# ####.......#
#..........# #.#####.#
#..........# #.##
#..........# #..#
#######+#### ##.# #.# #.#


You could see a rime drake and 2 meliai.

Vanquished Creatures
  A very ugly thing (D:13)
  A minotaur (Gauntlet)
  4 vault guards (D:13)
  A centaur warrior (D:14)
  2 two-headed ogres
  Pikel (D:7)
  5 ugly things
  2 manticores
  A moth of wrath (Gauntlet)
  2 cyclopes (D:14)
  Maurice (D:12)
  A gargoyle (D:11)
  Maggie (D:7)
  3 centaur skeletons
  A troll (D:13)
  A meliai (D:14)
  2 slime creatures (D:12)
  3 hornets (Gauntlet)
  3 hippogriffs
  2 redbacks (Gauntlet)
  5 wraiths
  2 wyverns (D:14)
  19 yaks
  2 small abominations (Gauntlet)
  A steam dragon (D:11)
  3 vampire mosquitoes (D:12)
  2 soldier ants
  Edmund (D:4)
  An acid dragon (D:14)
  2 water moccasins
  9 orc warriors
  2 phantoms
  4 sky beasts
  3 ice beasts
  A necrophage (D:9)
  2 eyes of draining
  4 ogres
  3 centaurs
  A crocodile (D:11)
  A lemure (D:7)
  A big kobold (D:10)
  6 bullfrogs
  A wyvern zombie (D:13)
  2 wyvern skeletons
  2 scorpions
  17 wights
  A howler monkey (D:9)
  3 centaur zombies
  A bullfrog zombie (D:13)
  5 hounds
  7 jellies
  12 orc priests
  4 iguanas
  9 orc wizards
  5 worker ants
  2 hound skeletons
  2 hound zombies
  A howler monkey zombie (D:8)
  A worker ant zombie (D:7)
  3 gnolls (D:2)
  4 river rats (Sewer)
  22 adders
  A shadow imp (D:6)
  2 white imps
  2 ufetubi
  5 oozes
  4 adder skeletons
  2 worms
  4 dart slugs
  11 leopard geckos
  51 orcs
  5 giant cockroaches
  10 goblins
  9 hobgoblins
  3 jackals (D:5)
  3 quokkas
  12 ball pythons
  9 bats
  7 frilled lizards
  12 kobolds
  A leopard gecko skeleton (D:4)
  31 rats
  3 rat zombies (D:8)
  A bush (D:1)
  A plant (D:1)
406 creatures vanquished.

Vanquished Creatures (collateral kills)
  Kirke (D:13)
  4 vault guards (D:13)
  A thrashing horror (Gauntlet)
  A small abomination (Gauntlet)
  2 hogs (D:13)
  An ice beast (D:13)
  A hound (D:13)
  2 worker ants (D:13)
13 creatures vanquished.

Vanquished Creatures (others)
  5 humans (D:13)
  22 withered plants (Gauntlet)
27 creatures vanquished.

Grand Total: 446 creatures vanquished

Notes
Turn   | Place    | Note
-------+----------+-------------------------------------------
     0 | D:1      | Cheivey the Formicid Fighter began the quest for the Orb.
     0 | D:1      | Reached XP level 1. HP: 18/18 MP: 1/1
   196 | D:1      | Reached XP level 2. HP: 24/24 MP: 2/2
   605 | D:1      | Reached XP level 3. HP: 30/30 MP: 3/3
  1128 | D:2      | Reached XP level 4. HP: 37/37 MP: 4/4
  1134 | D:2      | Reached skill level 3 in Polearms
  1874 | D:2      | Reached XP level 5. HP: 42/42 MP: 5/5
  2662 | D:3      | Found an opulent altar of Gozag.
  2662 | D:3      | Found a glowing silver altar of Zin.
  2763 | D:3      | Became a worshipper of Gozag Ym Sagoz the Greedy
  3094 | D:4      | Reached skill level 4 in Polearms
  3116 | D:4      | Found a glowing drain.
  3144 | Sewer    | Entered a sewer
  3163 | Sewer    | Reached XP level 6. HP: 47/48 MP: 6/6
  4492 | Sewer    | Reached skill level 1 in Dodging
  4512 | Sewer    | Reached skill level 5 in Shields
  4512 | Sewer    | Reached XP level 7. HP: 23/54 MP: 7/7
  4774 | D:4      | Found Beabit's Assorted Antiques.
  4779 | D:4      | Bought a scroll labeled QEEX LUCHIESCH for 24 gold pieces
  4779 | D:4      | Bought a scroll labeled VATOAM PELATS for 24 gold pieces
  4779 | D:4      | Bought a glowing dark potion for 21 gold pieces
  4824 | D:4      | Got a crude flail
  5018 | D:4      | Noticed Edmund
  5034 | D:4      | Killed Edmund
  5034 | D:4      | Reached skill level 5 in Polearms
  5034 | D:4      | Reached skill level 5 in Armour
  5260 | D:4      | Reached XP level 8. HP: 47/61 MP: 8/8
  5438 | D:5      | Entered Level 5 of the Dungeon
  5461 | D:5      | Found Mukestre's Assorted Antiques.
  5728 | D:5      | Reached skill level 5 in Fighting
  5728 | D:5      | Reached skill level 6 in Polearms
  5849 | D:5      | Bought a heavily runed plate armour for 700 gold pieces
  5869 | D:5      | Identified the +3 plate armour of the Onion {Str+2} (You
                  | bought it in a shop on level 5 of the Dungeon)
  5872 | D:5      | Identified the +9 flail of the Extremes {antimagic, MR-
                  | SInv Stlth+} (You found it on level 4 of the Dungeon)
  5933 | D:6      | Found a hide-covered altar of Uskayaw.
  6377 | D:6      | Identified the Compendium of Evil Rituals and Beguiling
  6592 | D:6      | Reached skill level 7 in Polearms
  6592 | D:6      | Reached XP level 9. HP: 61/68 MP: 9/9
  7259 | D:7      | Reached skill level 8 in Polearms
  7485 | D:7      | Reached skill level 9 in Polearms
  7485 | D:7      | Reached skill level 5 in Stealth
  7485 | D:7      | Reached skill level 5 in Invocations
  7485 | D:7      | Reached XP level 10. HP: 80/80 MP: 9/14
  7633 | D:7      | Noticed Pikel
  7644 | D:7      | Killed Pikel
  7962 | D:7      | Noticed Maggie
  7984 | D:7      | Killed Maggie
  7984 | D:7      | Reached XP level 11. HP: 67/86 MP: 15/15
  8449 | D:7      | Found a staircase to the Ecumenical Temple.
  8733 | D:8      | Found Ditiafi's Jewellery Shop.
  8764 | D:8      | Found an ancient bone altar of Kikubaaqudgha.
  8785 | D:8      | Found Osusax's Jewellery Shoppe.
  8789 | D:8      | Found Paheas's Armour Shoppe.
  8905 | D:8      | Reached skill level 10 in Polearms
  9175 | D:8      | Found a glowing golden altar of the Shining One.
  9218 | D:8      | Found a staircase to the Lair.
  9369 | D:8      | Found Besm's Book Shoppe.
  9465 | D:8      | Found Myepp's Antique Weapon Shop.
  9814 | D:8      | Bought the +7 plate armour of the Well-Known Nights {rF+
                  | Str+4 SInv} for 846 gold pieces
  9929 | D:9      | Found a burning altar of Makhleb.
 10220 | D:10     | Entered Level 10 of the Dungeon
 10250 | D:10     | You fall into a shaft and drop 3 floors!
 10344 | D:13     | Found a transporter.
 10344 | D:13     | Noticed a cyclops
 10344 | D:13     | Noticed Zuuqes's ghost (journeyman GrEE)
 10345 | D:13     | Found a transporter.
 10346 | D:13     | Noticed a yaktaur captain
 10346 | D:13     | Noticed a yaktaur captain
 10352 | D:13     | Noticed a deep troll
 10352 | D:13     | an eye of devastation changed into a deep troll
 10359 | D:13     | Noticed a glowing orange brain
 10359 | D:13     | a deep troll changed into a glowing orange brain
 10363 | D:13     | Noticed a sea snake
 10363 | D:13     | a glowing orange brain changed into a sea snake
 10364 | D:13     | Noticed a shining eye
 10364 | D:13     | a sea snake changed into a shining eye
 10366 | D:13     | Noticed a manticore
 10366 | D:13     | a shining eye changed into a manticore
 10373 | D:13     | a manticore changed into an eye of devastation
 10440 | D:12     | Noticed Maurice
 10470 | D:12     | Noticed a two-headed ogre
 10674 | D:11     | Reached skill level 11 in Polearms
 10708 | D:11     | Noticed a two-headed ogre
 10740 | D:11     | Found a gate leading to a gauntlet.
 10747 | Gauntlet | Entered a Gauntlet
 10747 | Gauntlet | Found a transporter.
 10747 | Gauntlet | Found a transporter.
 10751 | Gauntlet | Found a transporter.
 10751 | Gauntlet | Found a transporter.
 10753 | Gauntlet | Found a large runed translucent door.
 10754 | Gauntlet | Found a large runed translucent door.
 10755 | Gauntlet | Found a large runed translucent door.
 10755 | Gauntlet | Found a large runed translucent door.
 10755 | Gauntlet | Found a runed translucent door.
 10755 | Gauntlet | Found a runed translucent door.
 10756 | Gauntlet | Found a large runed translucent door.
 10756 | Gauntlet | Found a large runed translucent door.
 10756 | Gauntlet | Found a large runed translucent door.
 10756 | Gauntlet | Found a large runed translucent door.
 10757 | Gauntlet | Found a large runed translucent door.
 10757 | Gauntlet | Found a large runed translucent door.
 10757 | Gauntlet | Found a large runed translucent door.
 10758 | Gauntlet | Found a large runed translucent door.
 10772 | Gauntlet | Found a large runed translucent door.
 10772 | Gauntlet | Found a large runed translucent door.
 10772 | Gauntlet | Found a large runed translucent door.
 10772 | Gauntlet | Found a large runed translucent door.
 10774 | Gauntlet | Noticed a death yak
 10775 | Gauntlet | Found a runed translucent gate.
 10775 | Gauntlet | Found a runed translucent gate.
 10775 | Gauntlet | Found a runed translucent gate.
 10777 | Gauntlet | Noticed a necromancer
 10777 | Gauntlet | Noticed a death yak
 10778 | Gauntlet | Found a transporter.
 10778 | Gauntlet | Noticed a death yak
 10780 | Gauntlet | Noticed a death yak
 10783 | Gauntlet | Noticed a death yak
 10783 | Gauntlet | Noticed a death yak
 10784 | Gauntlet | Found a transporter.
 10788 | Gauntlet | Found a transporter.
 10788 | Gauntlet | Found a transporter.
 10788 | Gauntlet | Noticed a moth of wrath
 10788 | Gauntlet | Noticed a moth of wrath
 10788 | Gauntlet | Noticed a thrashing horror
 10818 | Gauntlet | Found a transporter.
 10841 | Gauntlet | Found a transporter.
 10891 | Gauntlet | Found a transporter.
 10906 | Gauntlet | Found a transporter.
 10922 | Gauntlet | Noticed a thrashing horror
 10923 | Gauntlet | Found a transporter.
 11032 | Gauntlet | Noticed a necromancer
 11034 | Gauntlet | Found a transporter.
 11049 | Gauntlet | Found a transporter.
 11064 | Gauntlet | Noticed an elephant
 11064 | Gauntlet | Noticed a dire elephant
 11065 | Gauntlet | Noticed an elephant
 11065 | Gauntlet | Noticed an elephant
 11066 | Gauntlet | Found a transporter.
 11629 | Gauntlet | Got a crude ivory ring
 11636 | Gauntlet | Killed a thrashing horror
 11657 | Gauntlet | Identified the ring "Voh Vait" {*Corrode +Blink rN+++ EV+4
                  | Int-3 SInv} (You found it in a Gauntlet)
 11658 | Gauntlet | Reached XP level 12. HP: 94/94 MP: 16/16
 11682 | Gauntlet | Gained mutation: Scrolls take you a little longer to read.
                  | [potion of mutation]
 11682 | Gauntlet | Gained mutation: Your muscles are strong. (Str +2) [potion
                  | of mutation]
 11682 | Gauntlet | Gained mutation: You evolve. [potion of mutation]
 11692 | Gauntlet | Reached XP level 13. HP: 72/99 MP: 17/17
 12140 | Gauntlet | Got a flickering wooden ring
 12145 | Gauntlet | Identified the ring of Dewkow {+Fly MP+9 Dex+2} (You found
                  | it in a Gauntlet)
 12154 | Gauntlet | Identified the +7 dire flail of Painful Death {elec, rPois
                  | Str+2 Int+2 Stlth-}
 12154 | Gauntlet | Noticed a minotaur
 12172 | Gauntlet | Killed a minotaur
 12190 | Gauntlet | Identified Acrucs's Catalogue of Execration and Stones
 12557 | D:11     | Reached skill level 10 in Shields
 12833 | D:11     | Reached skill level 12 in Polearms
 13362 | D:12     | Killed Maurice
 13680 | D:13     | Noticed Kirke
 13698 | D:13     | Killed Kirke
 13709 | D:13     | Noticed a vault guard
 13710 | D:13     | Noticed a vault guard
 14118 | D:12     | Gained mutation: You are partially covered in iridescent
                  | scales. (AC +2) [evolution]
 14440 | D:13     | Noticed a vault guard
 14449 | D:13     | Noticed a vault guard
 14453 | D:13     | Killed a vault guard
 14463 | D:13     | Noticed a vault guard
 14465 | D:13     | Killed a vault guard
 14465 | D:13     | Killed a vault guard
 14472 | D:13     | Killed a vault guard
 14472 | D:13     | Reached skill level 5 in Evocations
 14515 | D:13     | Noticed a vault guard
 14520 | D:13     | Killed a vault guard
 14527 | D:13     | Killed a vault guard
 14550 | D:13     | Found a gate to the Vaults.
 14551 | D:13     | Noticed a vault guard
 14564 | D:13     | Killed a vault guard
 14798 | D:13     | Noticed a white very ugly thing
 14812 | D:13     | Killed a white very ugly thing
 14812 | D:13     | Reached skill level 13 in Polearms
 14812 | D:13     | Reached XP level 14. HP: 88/109 MP: 18/18
 15124 | D:14     | Reached skill level 10 in Fighting
 15213 | D:14     | Found a sacrificial altar of Ru.
 15397 | D:14     | HP: 5/111 [meliai/divine providence (10)]
 15398 | D:14     | Killed from afar by a meliai

Illustrated notes

Levels and vault maps discovered:
D:1:      nzn_arrival_depleted_hourglass, layout_basic, serial_forest,
          infiniplex_forest_clump_long, infiniplex_forest_3_way,
          infiniplex_forest_lined_corner, infiniplex_forest_zigzag_2,
          infiniplex_forest_lined_4_way, infiniplex_forest_straight_3
D:2:      layout_basic, chequers_avenue
D:3:      layout_basic, grunt_temple_overflow_gold_and_silver
D:4:      layout_rooms, gup_sewer_entry_pipe, serial_shops, shop_statue,
          uniq_edmund
D:5:      layout_cave_pools, serial_shops, shop
D:6:      wad_crossroads, layout_loops_ring, marbit_many_paths
D:7:      layout_loops_corners, minmay_temple_entry_statues_pillars,
          serial_bayou_pond_e, uniq_maggie, uniq_pikel
D:8:      layout_cave_pools, lemuel_zombie_altar_kikubaaqudgha,
          nicolae_overflow_hidden_temple, lair_entry_dummy, serial_shops,
          kennysheep_mini, kennysheep_little_box, shop, shop_fountains, shop
D:9:      layout_rooms, makhleb_blood_cavern_becter, st_stairs_8,
          serial_park_tiny_2
D:10:     layout_loops_corners, kennysheep_orc_monster_closet_entryway,
          hangedman_decor_diamond_cutter
D:11:     layout_rooms, gauntlet_entry_generic
D:12:     layout_roguey, special_room [special_room_orc], uniq_maurice
D:13:     layout_loops_ring, erik_vaults_2, gammafunk_ghost_arena,
          kennysheep_generic_room_3, uniq_kirke
D:14:     layout_roguey [special_room_mythical_zoo], hangedman_ru_absence

Skill      XL: |  1  2  3  4  5  6  7  8  9 10 11 12 13 14 |
---------------+-------------------------------------------+-----
Polearms       | 3 4 5 7 9 11 13 | 13.6
Armour         | 4 5 6 7 8 |  8.8
Shields        | 4 5 6 7 9 10 11 | 11.5
Fighting       | 4 5 7 8 9 10 | 10.3
Dodging        | 1 2 4 7 |  7.2
Stealth        | 5 9 |  9.9
Invocations    | 5 |  5.9
Evocations     | 4 5 |  5.1

Action                   |  1- 3 |  4- 6 |  7- 9 | 10-12 | 13-15 || total
-------------------------+-------+-------+-------+-------+-------++-------
Melee: Trident           |   150 |     5 |       |       |       ||   155
       Halberd           |       |   369 |   291 |    81 |       ||   741
       Glaive            |       |       |       |   360 |    18 ||   378
       Unarmed           |       |       |       |     1 |       ||     1
       Demon trident     |       |       |       |       |   285 ||   285
       Bardiche          |       |       |       |       |   176 ||   176
Invok: Call Merchant     |       |       |       |       |     1 ||     1
 Abil: Dig               |       |       |       |     2 |       ||     2
Evoke: Box of beasts     |       |       |       |       |    10 ||    10
  Use: Potion            |       |    11 |    10 |     4 |     1 ||    26
       Scroll            |       |       |    18 |    13 |     1 ||    32
 Stab: Distracted        |       |       |       |     3 |     7 ||    10
Armor: Scale mail        |    23 |   218 |    66 |       |       ||   307
       Skin              |       |    94 |     3 |       |       ||    97
       Plate armour      |       |       |    44 |   154 |    62 ||   260
Dodge: Dodged            |    21 |   183 |    73 |   119 |    45 ||   441
Block: Kite shield       |    17 |   318 |   254 |   375 |    16 ||   980
       Reflection        |       |       |     4 |     6 |    13 ||    23
       Tower shield      |       |       |       |       |   313 ||   313

Table legend: (Time is in decaauts)
 A = Elapsed time spent in this place.
 B = Non-inter-level travel time spent in this place.
 C = Inter-level travel time spent in this place.
 D = Time resting spent in this place.
 E = Time spent auto-exploring this place.
 F = Levels seen in this place.
 G = Mean time per level.
                   A        B        C        D        E       F      G
               +--------+--------+--------+--------+--------+-----+--------+
         Total |  15784 |  15259 |    525 |   2473 |   8266 |  16 |  986.5 |
       Dungeon |  12361 |  11836 |    525 |    984 |   7563 |  14 |  882.9 |
         Sewer |   1690 |   1690 |      0 |    697 |    554 |   1 | 1690.0 |
      Gauntlet |   1732 |   1732 |      0 |    792 |    148 |   1 | 1732.0 |
               +--------+--------+--------+--------+--------+-----+--------+
Top levels by time: Gauntlet: 1732 daAuts Sewer: 1690 daAuts D:7: 1459 daAuts D:2: 1423 daAuts D:12: 1355 daAuts D:6: 1296 daAuts D:1: 1153 daAuts D:13: 1033 daAuts D:8: 954 daAuts D:4: 903 daAuts D:9: 710 daAuts D:11: 702 daAuts D:3: 562 daAuts D:5: 453 daAuts D:14: 322 daAuts
